 Dungeon Crawl Stone Soup version 0.29-a0-330-g52719c12eb (webtiles) character file.

Game seed: 13796076649939669025

2193 dohliylev the Grappler (level 9, -2/83 HPs)
             Began as a Troll Warper on May 11, 2022.
             Killed from afar by a gargoyle (25 damage)
             ... with a stone arrow
             ... on level 6 of the Dungeon on May 13, 2022.
             The game lasted 00:15:58 (5389 turns).

dohliylev the Grappler (Troll Warper)               Turns: 5389, Time: 00:15:59

Health: -2/83      AC:  5    Str: 25    XL:     9   Next: 12%
Magic:  9/10       EV: 11    Int: 18    God:
Gold:   276        SH:  0    Dex:  9    Spells: 3/11 levels left

rFire   . . .      SeeInvis +     - Unarmed
rCold   . . .      Faith    .   (no shield)
rNeg    . . .      Spirit   .   n - +1 robe "Unochaus" {Drain Regen+ Int+9 SInv}
rPois   .          Reflect  .   (helmet restricted)
rElec   .          Harm     .   (no cloak)
rCorr   .          Rampage  .   (gloves unavailable)
Will    .....                   (boots unavailable)
Stlth   +.........              (no amulet)
HPRegen 1.83/turn               (no ring)
MPRegen 0.12/turn               (no ring)

@: no status effects
A: large, unfitting armour, claws 3, regeneration 1, shaggy fur 1, tough skin 1
a: no special abilities


You were on level 6 of the Dungeon.
You visited 1 branch of the dungeon, and saw 6 of its levels.
You also visited: Sewer.

You collected 276 gold pieces.

Inventory:

Missiles
 c - 7 boomerangs of dispersal
 t - 3 boomerangs (quivered)
Armour
 n - the +1 robe "Unochaus" (worn) {Drain Regen+ Int+9 SInv}
   (You found it on level 2 of the Dungeon)

   Int:       It affects your intelligence (+9).
   SInv:      It lets you see invisible.
   Regen:     It increases your rate of health regeneration.
   Drain:     It drains your maximum health when unequipped.
Jewellery
 w - a ring of protection from cold
Wands
 r - a wand of iceblast (6)
Scrolls
 a - 3 scrolls of teleportation
 b - a scroll of blinking
 f - a scroll of holy word
 i - a scroll of identify
 l - a scroll of fog
 m - a scroll of enchant weapon
 p - a scroll of fear
Potions
 d - a potion of attraction {unknown}
 e - 5 potions of curing
 g - 2 potions of resistance
 h - 3 potions of degeneration {unknown}
 j - 4 potions of mutation {unknown}
 k - 2 potions of heal wounds {unknown}
 o - 5 potions of magic {unknown}
 q - a potion of brilliance {unknown}
 s - 2 potions of might {unknown}
 u - a potion of flight {unknown}
 v - 2 potions of lignification {unknown}
 x - a potion of invisibility {unknown}


   Skills:
 + Level 3.2 Fighting
 + Level 3.3 Throwing
 + Level 5.9 Dodging
 + Level 8.4 Unarmed Combat
 + Level 1.5 Spellcasting
 + Level 2.7 Translocations


You had 3 spell levels left.
You knew the following spells:

 Your Spells              Type           Power      Damage    Failure   Level
a - Blink                 Tloc           22%        N/A       10%         2
b - Lesser Beckoning      Tloc           11%        N/A       19%         3
c - Swiftness             Air            1%         N/A       50%         3

Your spell library contained the following spells:

 Spells                   Type           Power      Damage    Failure   Level
 Shock                    Conj/Air       4%         1d3       19%         1
 Slow                     Hex            4%         N/A       19%         1
 Gell's Gravitas          Tloc           11%        N/A       19%         3
 Teleport Other           Tloc           11%        N/A       19%         3
 Ensorcelled Hibernation  Hex/Ice        2%         N/A       28%         2
 Dazzling Flash           Conj/Hex       2%         N/A       50%         3
 Manifold Assault         Tloc           11%        N/A       86%         5
 Airstrike                Air            0%         N/A       88%         4
 Starburst                Conj/Fire      0%         6d3       100%        6


Dungeon Overview and Level Annotations

Branches:
Dungeon (6/15)              Sewer (visited)
 Temple: D:4-7

Altars:
Fedhas
Makhleb


Innate Abilities, Weirdness & Mutations

You are too large for most types of armour.
You have claws for hands.
Your natural rate of healing is unusually fast.
You are covered in fur. (AC +1)
You have tough skin. (AC +1)


Message History

You see here a water moccasin corpse.
You start resting.
You feel sick. x7
You are no longer poisoned.
You start resting.
HP restored.
You see here a scorpion corpse.
A gargoyle comes into view. It is wielding a +0 morningstar.
Found 12 gold pieces.
As you open the door, it creaks loudly!
The gargoyle hurls a stone arrow at you.
The stone arrow hits you!
There is an open door here.
You open the door.
The gargoyle hurls a stone arrow at you.
The stone arrow hits you!
There is an open door here.
The gargoyle hurls a stone arrow at you.
The stone arrow hits you!!
Found a robe.
The gargoyle hurls a stone arrow at you.
The stone arrow hits you!
The gargoyle hurls a stone arrow at you.
The stone arrow hits you!
The gargoyle hurls a stone arrow at you.
The stone arrow misses you.
The gargoyle hurls a stone arrow at you.
The stone arrow hits you!!
Casting: Lesser Beckoning (dangerous; 19% risk of failure)
Confirm with . or Enter, or press ? or * to list all spells.
You blink.
The gargoyle hits you with a +0 morningstar.
The gargoyle attacks as you move away!
The gargoyle hits you with a +0 morningstar!!
You feel stable enough to blink again.
The gargoyle hurls a stone arrow at you.
The stone arrow hits you!!
* * * LOW HITPOINT WARNING * * *
The gargoyle hurls a stone arrow at you.
The stone arrow hits you!!
You die...

###################
#..........9..@..[#
################.##
#.# #.#
#########9##
#....9.....#
#.########## #.#
#.#


You could see a gargoyle.

Vanquished Creatures
  Pikel (D:4)
  Grinder (Sewer)
  Edmund (D:5)
  A water moccasin (D:6)
  An orc warrior (D:5)
  A sky beast (D:6)
  An ogre (D:5)
  A lemure (D:4)
  A kobold brigand (Sewer)
  A bullfrog (D:6)
  5 scorpions
  A crimson imp (D:5)
  2 quasits (Sewer)
  A hound (D:5)
  2 orc priests (D:5)
  3 iguanas
  An orc wizard (D:3)
  Natasha (thrice) (D:2)
  8 adders
  A shadow imp (Sewer)
  5 white imps
  6 ufetubi
  4 worms
  3 dart slugs
  10 orcs
  10 bats
  7 endoplasms
  4 giant cockroaches
  9 goblins
  14 hobgoblins
  2 jackals (D:1)
  4 quokkas
  6 ball pythons
  A frilled lizard (D:1)
  19 kobolds
  8 rats
149 creatures vanquished.

Notes
Turn   | Place    | Note
-------+----------+-------------------------------------------
     0 | D:1      | dohliylev the Troll Warper began the quest for the Orb.
     0 | D:1      | Reached XP level 1. HP: 19/19 MP: 1/1
   238 | D:1      | Reached XP level 2. HP: 27/27 MP: 3/3
   442 | D:1      | Found a faded altar of an unknown god.
   643 | D:1      | Reached XP level 3. HP: 33/33 MP: 4/4
  1229 | D:2      | Noticed Natasha
  1234 | D:2      | Killed Natasha
  1235 | D:2      | Reached skill level 3 in Unarmed Combat
  1235 | D:2      | Reached XP level 4. HP: 39/42 MP: 5/5
  1241 | D:2      | Noticed Natasha
  1255 | D:2      | Killed Natasha
  1257 | D:2      | HP: 2/42 [poisoned by an adder]
  1262 | D:2      | HP: 1/42 [poisoned by an adder]
  1344 | D:2      | Noticed Natasha
  1349 | D:2      | Killed Natasha
  1350 | D:2      | Reached XP level 5. HP: 44/49 MP: 6/6
  1683 | D:2      | Identified the +1 robe "Unochaus" {Drain Regen+ Int+9 SInv}
  2066 | D:3      | Reached skill level 4 in Unarmed Combat
  2667 | D:3      | Found a blossoming altar of Fedhas.
  2991 | D:4      | Got Oladyizu's Grimoire of Torrid Curses
  3041 | D:4      | Reached XP level 6. HP: 55/57 MP: 7/7
  3227 | D:4      | Found a glowing drain.
  3231 | Sewer    | Entered a sewer
  3299 | Sewer    | Reached skill level 5 in Unarmed Combat
  3354 | Sewer    | Found a burning altar of Makhleb.
  3406 | Sewer    | Noticed Grinder
  3424 | Sewer    | Killed Grinder
  3425 | Sewer    | Reached XP level 7. HP: 55/66 MP: 8/8
  3522 | Sewer    | Reached skill level 6 in Unarmed Combat
  3670 | D:4      | Noticed Pikel
  3693 | D:4      | Killed Pikel
  3694 | D:4      | Reached skill level 5 in Dodging
  3694 | D:4      | Reached skill level 7 in Unarmed Combat
  3694 | D:4      | Reached XP level 8. HP: 63/74 MP: 9/9
  4203 | D:5      | Entered Level 5 of the Dungeon
  4378 | D:5      | Reached skill level 1 in Throwing
  4493 | D:5      | Noticed Edmund
  4509 | D:5      | Killed Edmund
  4594 | D:5      | Reached skill level 8 in Unarmed Combat
  4698 | D:5      | Learned a level 2 spell: Blink
  4702 | D:5      | Learned a level 3 spell: Lesser Beckoning
  4706 | D:5      | Learned a level 3 spell: Swiftness
  4795 | D:5      | Found a burning altar of Makhleb.
  5100 | D:6      | Reached XP level 9. HP: 77/81 MP: 6/10
  5302 | D:6      | Noticed a gargoyle
  5389 | D:6      | Killed from afar by a gargoyle

Illustrated notes

Levels and vault maps discovered:
D:1:      roderic_octagonal_star, layout_basic,
          hellmonk_ecumenical_altar_pennies_from_heaven, minivault_14
D:2:      layout_loops_ring, uniq_natasha
D:3:      minmay_spotlight, layout_basic, mainiacjoe_overflow_alcove_2,
          serial_curves, eino_curves_02, eino_curves_01
D:4:      layout_gridville, gup_sewer_entry_spiral, item_on_display_a,
          uniq_pikel
D:5:      layout_rooms, makhleb_grotto_becter, uniq_edmund
D:6:      layout_basic, minmay_temple_entry_statues_pillars

Skill      XL: |  1  2  3  4  5  6  7  8 |
---------------+-------------------------+-----
Dodging        | 2 3 5 |  5.9
Unarmed Combat | 3 4 5 7 8 |  8.4
Fighting       | 2 3 |  3.2
Throwing       | 3 |  3.3
Spellcasting   | |  1.5
Translocations | |  2.7

Action                   |  1- 3 |  4- 6 |  7- 9 || total
-------------------------+-------+-------+-------++-------
Melee: Unarmed           |    90 |   224 |   135 ||   449
       Punch             |     3 |     6 |     3 ||    12
Throw: Boomerang         |       |       |    41 ||    41
 Cast: Lesser Beckoning  |       |       |     2 ||     2
       Blink             |       |       |     1 ||     1
  Use: Potion            |       |     1 |       ||     1
       Scroll            |       |     6 |     2 ||     8
 Stab: Distracted        |       |     1 |       ||     1
Armor: Robe              |    27 |   125 |    87 ||   239
Dodge: Dodged            |    38 |   153 |   111 ||   302

Table legend: (Time is in decaauts)
 A = Elapsed time spent in this place.
 B = Non-inter-level travel time spent in this place.
 C = Inter-level travel time spent in this place.
 D = Time resting spent in this place.
 E = Time spent auto-exploring this place.
 F = Levels seen in this place.
 G = Mean time per level.
                   A        B        C        D        E       F      G
               +--------+--------+--------+--------+--------+-----+--------+
         Total |   5419 |   5163 |    256 |    294 |   3495 |   7 |  774.1 |
       Dungeon |   5038 |   4782 |    256 |    294 |   3317 |   6 |  839.7 |
         Sewer |    381 |    381 |      0 |      0 |    177 |   1 |  381.0 |
               +--------+--------+--------+--------+--------+-----+--------+

Top non-repeatable levels by time:
     D:4: 1059 daAuts
     D:1: 1035 daAuts
     D:3: 891 daAuts
     D:2: 868 daAuts
     D:5: 630 daAuts
     D:6: 552 daAuts
   Sewer: 381 daAuts
